 Dungeon Crawl Stone Soup version 0.31-a0-846-gb3bcc0d938 (webtiles) character file.

Game seed: 194242657996164275

172 D12ThenQuit the Caller (level 5, -3/35 HPs)
             Began as a Human Summoner on Oct 4, 2023.
             Slain by a gnoll
             ... wielding a +0 spear
              (5 damage)
             ... on level 3 of the Dungeon.
             The game lasted 00:08:39 (2216 turns).

D12ThenQuit the Caller (Human Summoner)             Turns: 2216, Time: 00:08:39

Health: -3/35      AC:  2    Str:  8    XL:     5   Next: 82%
Magic:  1/8        EV: 12    Int: 17    God:
Gold:   122        SH:  0    Dex: 14    Spells: 0/8 levels left

rFire   . . .        p - +1 club (spect)
rCold   . . .        (no shield)
rNeg    + . .        a - +0 robe
rPois   .            (no helmet)
rElec   .            (no cloak)
rCorr   .            (no gloves)
SInv    .            (no boots)
Will    .....        (no amulet)
Stlth   ++           w - ring of positive energy
HPRegen 0.25/turn    (no ring)
MPRegen 0.11/turn

%: no passive effects
@: no status effects
A: no striking features
a: no special abilities


You were on level 3 of the Dungeon.
You visited 1 branch of the dungeon, and saw 3 of its levels.

You collected 122 gold pieces.

Inventory:

Hand Weapons
 d - a +0 club
 k - a +0 short sword
 p - a +1 spectral club (weapon)
Missiles
 u - 3 poisoned darts
 v - 2 curare-tipped darts
Armour
 a - a +0 robe (worn)
Jewellery
 w - a ring of positive energy (left hand)
Wands
 r - a wand of flame (13)
Scrolls
 e - a scroll of fog
 h - 3 scrolls of teleportation {unknown}
 i - a scroll of brand weapon {unknown}
 o - 3 scrolls of identify {unknown}
 s - a scroll of silence {unknown}
 t - 2 scrolls of torment {unknown}
Potions
 b - a potion of magic
 f - 2 potions of curing {unknown}
 g - a potion of attraction {unknown}
 j - 2 potions of enlightenment {unknown}
 l - 2 potions of heal wounds {unknown}
 m - a potion of mutation {unknown}
 n - 2 potions of haste {unknown}
 q - a potion of brilliance {unknown}


   Skills:
 - Level 2.0 Dodging
 - Level 2.0 Stealth
 - Level 2.0 Spellcasting
 + Level 6.4 Summonings
 + Level 1.3 Air Magic


You couldn't memorise any spells.
You knew the following spells:

 Your Spells              Type           Power      Damage    Failure   Level
a - Summon Lightning Spi  Summ/Air       14%        N/A       36%         4
b - Summon Small Mammal   Summ           92%        N/A       1%          1
c - Call Canine Familiar  Summ           23%        N/A       4%          3

Your spell library contained the following spells:

 Spells                   Type           Power      Damage    Failure   Level
 Call Imp                 Summ           46%        N/A       1%          2
 Summon Guardian Golem    Hex/Summ       12%        N/A       16%         3


Dungeon Overview and Level Annotations

Branches:
Dungeon (3/15)

Altars:
Zin

Annotations:
D:3 Robin, Terence


Message History

The gnoll closely misses you.
Your hound completely misses the gnoll.
The gnoll barely misses your hound.
You hit the gnoll.
The gnoll is heavily wounded.
Your +1 spectral club hits the gnoll but does no damage.
Your hound bites the gnoll.
The gnoll closely misses your hound.
The gnoll hits your hound with a +0 antimagic spear!
The gnoll throws a throwing net.
The throwing net closely misses your hound.
The throwing net hits you.
You become entangled in the net!
You struggle against the net.
Your +1 spectral club disappears.
Your hound bites the gnoll.
The gnoll barely misses your hound. The gnoll closely misses your hound.
Your hound barely misses the gnoll.
The gnoll hits your hound with a +0 whip!
Unknown command.
You struggle against the net.
Your hound closely misses the gnoll.
The gnoll misses your hound.
The gnoll hits your hound with a +0 antimagic spear.
Your hound dies!
Your hound's corpse disappears in a puff of smoke!
The gnoll shouts!
Unknown command.
You struggle against the net.
The gnoll barely misses you.
Unknown command.
You struggle against the net.
The gnoll hits you from afar with a +0 spear!
The gnoll barely misses you. The gnoll hits you but does no damage.
Unknown command.
As you read the scroll of summoning, it crumbles to dust.
Wisps of shadow whirl around you...
The gnoll hits you from afar with a +0 spear.
* * * LOW HITPOINT WARNING * * *
The gnoll hits you with a +0 antimagic spear.
* * * LOW HITPOINT WARNING * * *
The gnoll barely misses you.
You rip the net and break free!
Your bat hits the gnoll but does no damage.
The gnoll hits you from afar with a +0 spear.
You die...

#.###.......###...###.#.#.###@..#
#.###.......###...# #.#.#.# #....
#...'.......+.#...# #.#...# #(..#
#####.......#.#..@# #.##### #..##
#########.###.# #.# #b...
###########....b# #.# #g.## #
#.........####.g# #.# #@... #
#.........'.g.gg# #.# #.###
###.........####@## #.#######'###
..#....)<)..# #.####.#......@...
#.#.........# #......#..........
#.#.........# ########..........
#.#.........# #..........
#.#.........# #..........
#........)..# #....<ยง)...
##.########## #......g... ##..
#######'###


You could see Terence, 3 gnolls, a friendly goblin (summoned) and a friendly bat
(summoned).

Vanquished Creatures
  A dart slug (D:2)
  5 ball pythons
  An endoplasm (D:3)
  A giant cockroach (D:2)
  A goblin (D:2)
  A hobgoblin (D:2)
  2 jackals (D:2)
  3 bats
  2 frilled lizards
  4 kobolds
  4 rats
25 creatures vanquished.

Vanquished Creatures (collateral kills)
  Jessica (D:2)
  Natasha (thrice) (D:2)
  A gnoll (D:3)
  An adder (D:2)
  A worm (D:2)
  3 orcs (D:3)
  4 goblins
  3 hobgoblins
  A jackal (D:1)
  2 quokkas
  2 frilled lizards
  A rat (D:3)
23 creatures vanquished.

Grand Total: 48 creatures vanquished

Notes
Turn   | Place    | Note
-------+----------+-------------------------------------------
     0 | D:1      | D12ThenQuit the Human Summoner began the quest for the Orb.
     0 | D:1      | Reached XP level 1. HP: 13/13 MP: 3/3
    92 | D:1      | Found a glowing silver altar of Zin.
   157 | D:1      | Reached XP level 2. HP: 19/19 MP: 3/5
   739 | D:2      | Noticed Natasha
   936 | D:2      | Reached XP level 3. HP: 24/24 MP: 3/6
   952 | D:2      | Learned a level 3 spell: Call Canine Familiar
  1006 | D:2      | Killed Natasha
  1007 | D:2      | Reached skill level 5 in Summonings
  1007 | D:2      | Reached XP level 4. HP: 30/30 MP: 1/7
  1312 | D:2      | Noticed Jessica
  1369 | D:2      | Killed Jessica
  1495 | D:2      | Noticed Natasha
  1507 | D:2      | Killed Natasha
  1508 | D:2      | Reached skill level 6 in Summonings
  1508 | D:2      | Reached XP level 5. HP: 16/35 MP: 1/8
  1569 | D:2      | Learned a level 4 spell: Summon Lightning Spire
  1585 | D:2      | Noticed Natasha
  1594 | D:2      | Killed Natasha
  1682 | D:3      | Noticed Robin
  1855 | D:3      | Reached skill level 1 in Air Magic
  1964 | D:3      | Noticed Terence
  2216 | D:3      | Slain by a gnoll

Illustrated notes

Levels and vault maps discovered:
D:1:      dpeg_arrival_tiny_f, layout_basic,
          hangedman_abyss_or_decor_lesser_grid, minmay_hexomino_r4
D:2:      layout_rooms, uniq_natasha, uniq_jessica
D:3:      layout_basic, uniq_robin, uniq_terence

Skill      XL: |  1  2  3  4  5 |
---------------+----------------+-----
Summonings     | 5 6 |  6.4
Air Magic      | 1 |  1.3
Dodging        | |  2.0
Stealth        | |  2.0
Spellcasting   | |  2.0

Action                     |  1- 3 |  4- 6 || total
---------------------------+-------+-------++-------
  Melee: Unarmed           |     6 |       ||     6
         Club              |    32 |    29 ||    61
         Short sword       |    27 |    22 ||    49
   Cast: Summon Small Mamm |    32 |    25 ||    57
         Call Canine Famil |     1 |     8 ||     9
    Use: Scroll            |       |     3 ||     3
   Stab: Sleeping          |       |     3 ||     3
 Armour: Robe              |    25 |    37 ||    62
  Dodge: Dodged            |    57 |    52 ||   109

Table legend: (Time is in decaauts)
 A = Elapsed time spent in this place.
 B = Non-inter-level travel time spent in this place.
 C = Inter-level travel time spent in this place.
 D = Time resting spent in this place.
 E = Time spent auto-exploring this place.
 F = Levels seen in this place.
 G = Mean time per level.
                   A        B        C        D        E       F      G
               +--------+--------+--------+--------+--------+-----+--------+
         Total |   2261 |   2114 |    147 |    353 |    934 |   3 |  753.7 |
       Dungeon |   2261 |   2114 |    147 |    353 |    934 |   3 |  753.7 |
               +--------+--------+--------+--------+--------+-----+--------+

Top non-repeatable levels by time:
     D:2: 1106 daAuts
     D:1: 779 daAuts
     D:3: 375 daAuts
